[Event "Titled Tuesday Blitz November 14 Late 2023"]
[White "Shapiro, Viktor"]
[Black "Mazurkiewicz, Michal"]
[WhiteFideId "4175700"]
[BlackFideId "1124943"]
[WhiteElo "2554"]
[BlackElo "2437"]
[Result "1-0"]
[Round "7"]
[TimeControl "180+1"]
[Date "2023.11.14"]
[WhiteClock "0:00:08"]
[BlackClock "0:00:04"]
[Board "74"]

1. c4 Nf6 2. Nc3 g6 3. g3 Bg7 4. Bg2 O-O 5. Nf3 d6 6. O-O c5 7. a3 Nc6 8. Rb1 Rb8 9. b4 b6 10. d3 Bb7 11. e4 e6 12. h3 h6 13. Be3 cxb4 14. axb4 d5 15. cxd5 exd5 16. e5 Nxe5 17. Nxe5 d4 18. Bxb7 Rxb7 19. Nc6 Qc8 20. Bxd4 Qxc6 21. b5 Qd7 22. Bxf6 Bxf6 23. Ne4 Bd4 24. Rb4 f5 25. Qa4 Rd8 26. Nd2 Bc5 27. Rb3 Qc7 28. Kg2 Rd4 29. Qa2 Qf7 30. Qc2 Rbd7 31. Nf3 Qd5 32. Re1 g5 33. Re5 Qb7 34. Rxf5 R4d5 35. Rxd5 Qxd5 36. d4 Bd6 37. Qg6+ Rg7 38. Qe8+ Kh7 39. Re3 Rf7 40. Qe4+ Qxe4 41. Rxe4 Rf5 42. Re6 Bb4 43. Ne5 Be1 44. f3 Bc3 45. Re7+ Kg8 46. Nc6 Rxb5 47. Rxa7 Rb2+ 48. Kf1 Rd2 49. d5 Rxd5 50. Ne7+ Kf8 51. Nxd5 Bd4 52. Rb7 1-0


[Site "https://www.chess.com"]

[Event "Titled Tuesday Blitz November 14 Late 2023"]
[White "Kuznecovs, Nikita"]
[Black "Stanojevic, Ilija"]
[WhiteFideId "11604557"]
[BlackFideId "959995"]
[WhiteElo "2545"]
[BlackElo "2432"]
[Result "1-0"]
[Round "7"]
[TimeControl "180+1"]
[Date "2023.11.14"]
[WhiteClock "0:00:15"]
[BlackClock "0:00:00"]
[Board "75"]

1. Nf3 d5 2. g3 c6 3. Bg2 Bg4 4. h3 Bh5 5. d3 Nd7 6. g4 Bg6 7. Nh4 e5 8. Nxg6 hxg6 9. Nd2 f5 10. c4 d4 11. e3 dxe3 12. fxe3 Qh4+ 13. Kf1 Bc5 14. d4 exd4 15. Nf3 Qg3 16. exd4 Bb4 17. a3 fxg4 18. hxg4 Rxh1+ 19. Bxh1 Ba5 20. b4 Bc7 21. Qe1+ Qxe1+ 22. Nxe1 Ngf6 23. Bf3 Nb6 24. g5 Nh5 25. b5 O-O-O 26. bxc6 bxc6 27. c5 Nd5 28. Bg4+ Kb7 29. Rb1+ Ka8 30. Nd3 Ng3+ 31. Kg2 Nf5 32. Kg1 Nxd4 33. Nb4 Nxb4 34. axb4 Kb7 35. Be3 Nb5 36. Bf3 Rd3 37. Kf2 Nc3 38. Rg1 Be5 39. Rg4 Nd1+ 40. Bxd1 Rxd1 41. Re4 Rd5 42. Ke2 Kc8 43. Bd2 Kd7 44. Rc4 a6 45. Be3 Ke6 46. Rc2 Kf5 47. Ra2 Bc3 48. Rxa6 Re5 49. Kd3 Bxb4 50. Rxc6 Ba3 51. Bd4 Re1 52. Ra6 Rd1+ 53. Kc4 Bc1 54. c6 Bf4 55. Ra5+ Ke6 56. Rb5 Bc7 57. Bc3 Kd6 58. Rc5 Rc1 59. Kb5 Rb1+ 60. Bb4 Ke6 61. Rc4 Bd6 62. c7 Bxc7 63. Rxc7 Kf5 64. Rc5+ Kg4 65. Kc4 Rc1+ 66. Bc3 Kf4 67. Kd3 Kg4 68. Rc4+ Kf5 69. Rc5+ Kg4 70. Rc4+ Kf5 71. Ra4 Rd1+ 72. Bd2 Rb1 73. Rf4+ Ke5 74. Rf7 Rb3+ 75. Bc3+ Ke6 76. Rxg7 Kf5 77. Kc4 Rb1 78. Bf6 Rc1+ 79. Kd3 Rd1+ 80. Ke2 Rc1 81. Ra7 Rc2+ 82. Kf3 Rh2 83. Ra5+ Ke6 84. Ke4 Rh4+ 85. Kf3 Rh3+ 86. Kg4 Rh2 87. Re5+ Kf7 88. Re7+ Kf8 89. Ra7 Rg2+ 90. Kf4 Rf2+ 91. Ke4 Rf1 92. Kd5 Rd1+ 93. Ke6 Re1+ 94. Be5 1-0


[Site "https://www.chess.com"]

[Event "Titled Tuesday Blitz November 14 Late 2023"]
[White "Cervantes Landeiro, Thalia"]
[Black "Arnold, Ken"]
[WhiteFideId "3520498"]
[BlackFideId "2056836"]
[WhiteElo "2542"]
[BlackElo "2413"]
[Result "0-1"]
[Round "7"]
[TimeControl "180+1"]
[Date "2023.11.14"]
[WhiteClock "0:00:00"]
[BlackClock "0:00:57"]
[Board "76"]

1. d4 Nf6 2. c4 g6 3. Nc3 d5 4. cxd5 Nxd5 5. e4 Nxc3 6. bxc3 Bg7 7. Nf3 O-O 8. Be2 b6 9. O-O Bb7 10. Qc2 Nc6 11. d5 Ne5 12. Nxe5 Bxe5 13. f4 Bd6 14. Be3 e5 15. c4 exf4 16. Bxf4 Bxf4 17. Rxf4 Qd6 18. Raf1 Rae8 19. Bd3 Qe5 20. Rh4 Qd4+ 21. Kh1 f5 22. Re1 fxe4 23. Rhxe4 Rxe4 24. Bxe4 Rf2 25. Qb1 Rb2 26. Qc1 Qd2 27. Qxd2 Rxd2 28. Bf3 Kf8 29. h4 Bc8 30. a4 Rd4 31. Rc1 Rxh4+ 32. Kg1 Rd4 33. Kf2 Rf4 34. Ke3 Rf6 35. c5 Bf5 36. cxb6 cxb6 37. Rc7 Rf7 38. Rc3 Bd7 39. Kd4 Bxa4 40. d6 Bd7 41. Ke5 Kg7 42. Rc7 Bf5 43. g4 Rxc7 44. dxc7 Bc8 45. Kd6 Kf8 46. Bc6 a5 47. g5 Kf7 48. Bd5+ Ke8 49. Be6 Bb7 50. Bd7+ Kf7 51. c8=Q Bxc8 52. Bxc8 a4 53. Ke5 a3 54. Be6+ Kg7 55. Bb3 h5 56. Kf4 b5 0-1


[Site "https://www.chess.com"]

[Event "Titled Tuesday Blitz November 14 Late 2023"]
[White "Kubatko, Ivan"]
[Black "Ongut, Tamas Gunes"]
[WhiteFideId "24111473"]
[BlackFideId "770280"]
[WhiteElo "2413"]
[BlackElo "2533"]
[Result "1-0"]
[Round "7"]
[TimeControl "180+1"]
[Date "2023.11.14"]
[WhiteClock "0:00:05"]
[BlackClock "0:00:23"]
[Board "77"]

1. e4 e5 2. Nf3 Nc6 3. Nc3 Nf6 4. g3 Bc5 5. Bg2 d6 6. h3 a6 7. d3 h6 8. a3 O-O 9. b4 Ba7 10. O-O Be6 11. Be3 d5 12. Bxa7 Rxa7 13. exd5 Nxd5 14. Ne4 Nf6 15. Nc5 Bd5 16. c4 Bxf3 17. Bxf3 b6 18. Nxa6 Nd4 19. b5 Qc8 20. Kg2 Rd8 21. Nb4 e4 22. dxe4 Nxb5 23. cxb5 Rxd1 24. Rfxd1 Qe6 25. Rd8+ Kh7 26. Nc6 Ra4 27. e5 Nd7 28. Bg4 Rxg4 29. hxg4 Nxe5 30. Re1 f6 31. Nxe5 fxe5 32. Red1 Qxg4 33. R1d7 Qe4+ 34. Kg1 Qb1+ 35. Kh2 Qa2 36. Kg1 Qb1+ 37. Kh2 Qxb5 38. Rxc7 Qe2 39. Kg1 Qe1+ 40. Kg2 Qe4+ 41. Kg1 Qb1+ 42. Kh2 Qa2 43. Kg1 Qxa3 44. Rdd7 Qf8 45. Rb7 Kg6 46. Rxb6+ Kf5 47. Rbb7 Qa3 48. Rxg7 Ke4 49. Rbf7 Qa1+ 50. Kg2 Qa3 51. Kg1 Kd5 52. Rd7+ Ke6 53. Rde7+ Kf5 54. Ref7+ Ke4 55. Re7 Qc1+ 56. Kg2 Qc3 57. Ref7 Qc4 58. Kg1 Kd5 59. Rd7+ Ke6 60. Rde7+ Kd6 61. Rd7+ Ke6 62. Rde7+ Kf5 63. Ref7+ Ke4 64. Rg4+ Kd5 65. Rxc4 Ke6 66. Rh7 1-0


[Site "https://www.chess.com"]

[Event "Titled Tuesday Blitz November 14 Late 2023"]
[White "Bogaudinov, Rushan"]
[Black "Jaskolka, Tomasz"]
[WhiteFideId "4129288"]
[BlackFideId "1170791"]
[WhiteElo "2407"]
[BlackElo "2532"]
[Result "0-1"]
[Round "7"]
[TimeControl "180+1"]
[Date "2023.11.14"]
[WhiteClock "0:01:11"]
[BlackClock "0:01:16"]
[Board "78"]

1. a3 e5 2. e3 Nf6 3. c4 d5 4. cxd5 Nxd5 5. Nc3 Nxc3 6. bxc3 Nc6 7. d4 Bd6 8. Nf3 e4 9. Nd2 f5 10. Bc4 Qe7 11. g3 a6 12. a4 Na5 13. Ba2 Be6 14. Qc2 O-O 15. Bxe6+ Qxe6 16. Qa2 Qxa2 17. Rxa2 b5 18. Ba3 Nc4 19. Nxc4 bxc4 20. Bxd6 cxd6 21. O-O Rab8 22. f3 Rb3 23. Rc2 d5 24. Ra1 Rfb8 25. Kf2 Rb2 26. Rc1 Kf7 27. g4 g6 28. gxf5 gxf5 29. fxe4 fxe4 30. Kg3 Ke6 31. h4 Rg8+ 32. Kf4 Rbb8 0-1


[Site "https://www.chess.com"]

[Event "Titled Tuesday Blitz November 14 Late 2023"]
[White "TimGrutter03"]
[Black "TheAlienParty"]
[WhiteElo "2531"]
[BlackElo "2378"]
[Result "1-0"]
[Round "7"]
[TimeControl "180+1"]
[Date "2023.11.14"]
[WhiteClock "0:00:07"]
[BlackClock "0:00:07"]
[Board "79"]

1. e4 e5 2. Nc3 Bc5 3. Bc4 Nf6 4. d3 c6 5. f4 d5 6. exd5 O-O 7. fxe5 Ng4 8. d4 cxd5 9. Be2 Bb4 10. Bxg4 Qh4+ 11. g3 Qxg4 12. Qxg4 Bxg4 13. Bd2 Nc6 14. Nge2 f6 15. h3 Bxe2 16. Nxe2 Bxd2+ 17. Kxd2 fxe5 18. dxe5 Nxe5 19. Raf1 Nf3+ 20. Kc1 Rae8 21. Nf4 Nd4 22. Nxd5 Ne2+ 23. Kd2 Nxg3 24. Rxf8+ Rxf8 25. Rg1 Ne4+ 26. Ke3 Re8 27. Kd4 Kf7 28. c4 b6 29. b4 Nd2 30. Rd1 Nf3+ 31. Kc3 Kg6 32. Rf1 Ne5 33. Re1 Kf5 34. Ne3+ Kf6 35. Ng4+ Kf5 36. c5 g5 37. c6 Rc8 38. Rxe5+ Kf4 39. b5 h5 40. Rd5 hxg4 41. Rd4+ Ke5 42. Rxg4 Kf5 43. Kc4 Rc7 44. Kd5 Re7 45. Kd6 Re6+ 46. Kd7 Re1 47. c7 Rd1+ 48. Kc6 Rc1+ 49. Kb7 Rb1 50. c8=Q+ Kg6 51. Qc2+ Kh5 52. Qxb1 a5 53. Qh7# 1-0


[Site "https://www.chess.com"]

[Event "Titled Tuesday Blitz November 14 Late 2023"]
[White "Skaric, Djuro"]
[Black "Ponce Cano, Adrian"]
[WhiteFideId "934569"]
[BlackFideId "22296913"]
[WhiteElo "2375"]
[BlackElo "2529"]
[Result "1-0"]
[Round "7"]
[TimeControl "180+1"]
[Date "2023.11.14"]
[WhiteClock "0:00:52"]
[BlackClock "0:00:03"]
[Board "80"]

1. g3 Nf6 2. Bg2 c5 3. h3 Nc6 4. d3 g6 5. e4 Bg7 6. Nc3 O-O 7. f4 d6 8. Nf3 Rb8 9. O-O Nd7 10. g4 b5 11. g5 b4 12. Nd5 e6 13. Ne3 Nd4 14. Ng4 Kh8 15. Nh4 c4 16. Kh1 cxd3 17. cxd3 Ba6 18. Be3 Rc8 19. Rf2 Nc5 20. Bf1 Bb7 21. Kh2 b3 22. axb3 Qb6 23. b4 Qxb4 24. Rxa7 Ncb3 25. f5 exf5 26. exf5 gxf5 27. Nxf5 Nxf5 28. Rxf5 Nd4 29. Rf4 Qxb2+ 30. Nf2 Be5 31. Rxb7 Bxf4+ 32. Bxf4 Qxb7 33. Bg2 Qb2 34. Be3 Ne6 35. Qf3 Qe5+ 36. Kg1 Nxg5 37. Qf4 Ne6 38. Qf3 Rc2 39. Ng4 Qg7 40. d4 Nxd4 41. Qf6 Rc1+ 42. Kh2 Ne2 43. Bg5 Qxf6 44. Bxf6+ Kg8 45. Nh6# 1-0


[Site "https://www.chess.com"]

[Event "Titled Tuesday Blitz November 14 Late 2023"]
[White "Weak-Player_EGY"]
[Black "jactorres"]
[WhiteElo "2368"]
[BlackElo "2514"]
[Result "1-0"]
[Round "7"]
[TimeControl "180+1"]
[Date "2023.11.14"]
[WhiteClock "0:02:03"]
[BlackClock "0:00:02"]
[Board "81"]

1. c4 e5 2. g3 Nf6 3. Bg2 d5 4. cxd5 Nxd5 5. Nf3 Nc6 6. O-O Be7 7. Nc3 Nb6 8. a3 O-O 9. d3 Be6 10. b4 f6 11. Bd2 Nd4 12. Nxd4 exd4 13. Ne4 Bd5 14. Rc1 f5 15. Nc5 Bxg2 16. Kxg2 Qd5+ 17. Kg1 Bd6 18. Qb3 Bxc5 19. Qxd5+ Nxd5 20. Rxc5 c6 21. b5 Rfe8 22. Re1 Rac8 23. Kf1 Re6 24. Rec1 Rce8 25. bxc6 bxc6 26. Rxc6 Rxe2 27. Rc8 Re7 28. Rxe8+ Rxe8 29. Rc5 Nb6 30. Rxf5 Rc8 31. Bb4 Rc1+ 32. Ke2 g6 33. Rc5 Rh1 34. h4 Kf7 35. Rc7+ Ke6 36. Rxa7 Nd5 37. Ra6+ Kf5 38. Rd6 Nxb4 39. axb4 Rb1 40. Rxd4 1-0


[Site "https://www.chess.com"]

[Event "Titled Tuesday Blitz November 14 Late 2023"]
[White "D`Arruda, Ricardo D."]
[Black "Kohler, Aran"]
[WhiteFideId "100692"]
[BlackFideId "1002856"]
[WhiteElo "2513"]
[BlackElo "2301"]
[Result "1-0"]
[Round "7"]
[TimeControl "180+1"]
[Date "2023.11.14"]
[WhiteClock "0:00:33"]
[BlackClock "0:00:28"]
[Board "82"]

1. d4 Nf6 2. Nf3 b6 3. c4 e6 4. e3 Bb7 5. Nc3 Bb4 6. Bd2 O-O 7. Bd3 d5 8. a3 Bxc3 9. bxc3 dxc4 10. Bxc4 Nbd7 11. O-O Ne4 12. Qe2 c5 13. Rfd1 Nxd2 14. Rxd2 cxd4 15. cxd4 Qf6 16. Rc1 a6 17. Bd3 e5 18. Rc7 Bxf3 19. Qxf3 Qxf3 20. gxf3 Rfd8 21. Be4 Rab8 22. Bd5 Rbc8 23. Ra7 exd4 24. Rxd4 Ne5 25. f4 Nc6 26. Bxc6 Rxd4 27. exd4 g5 28. d5 gxf4 29. Ra8 Rxa8 30. Bxa8 Kf8 31. d6 Ke8 32. Bc6+ Kd8 33. Kg2 b5 34. Kf3 1-0


[Site "https://www.chess.com"]

[Event "Titled Tuesday Blitz November 14 Late 2023"]
[White "Lock, Gavin R"]
[Black "Pesotskiy, Mikhail"]
[WhiteFideId "408646"]
[BlackFideId "34164453"]
[WhiteElo "2266"]
[BlackElo "2511"]
[Result "0-1"]
[Round "7"]
[TimeControl "180+1"]
[Date "2023.11.14"]
[WhiteClock "0:00:07"]
[BlackClock "0:00:56"]
[Board "83"]

1. e4 e6 2. d4 d5 3. exd5 exd5 4. Nf3 Nf6 5. Bd3 Bd6 6. Qe2+ Be6 7. c4 O-O 8. O-O dxc4 9. Bxc4 Bxc4 10. Qxc4 Nbd7 11. Nc3 c6 12. Bg5 h6 13. Bh4 Nb6 14. Qb3 Be7 15. Rfe1 Re8 16. Ne5 Nfd5 17. Bg3 f6 18. Ng6 Qd7 19. Ne4 Kh7 20. Nxe7 Qxe7 21. Ng5+ hxg5 22. Rxe7 Rxe7 23. h4 gxh4 24. Bxh4 Rae8 25. a4 Nf4 26. a5 Nbd5 27. Bg3 Ne2+ 28. Kh2 Nxg3 29. Kxg3 a6 30. Rh1+ Kg8 31. Qc2 Re4 32. f3 Re2 33. Qh7+ Kf7 34. Qh5+ Ke7 35. Qg6 Rxg2+ 0-1


[Site "https://www.chess.com"]

[Event "Titled Tuesday Blitz November 14 Late 2023"]
[White "Djordjevic, Dejan N"]
[Black "Kochiev, Ivan"]
[WhiteFideId "913316"]
[BlackFideId "2917890"]
[WhiteElo "2065"]
[BlackElo "2507"]
[Result "1-0"]
[Round "7"]
[TimeControl "180+1"]
[Date "2023.11.14"]
[WhiteClock "0:00:19"]
[BlackClock "0:00:03"]
[Board "84"]

1. e4 e5 2. Nf3 Nf6 3. Nxe5 Nc6 4. Nxc6 dxc6 5. d3 Bc5 6. Be2 h5 7. c3 Ng4 8. d4 Qh4 9. g3 Qf6 10. Bf3 Bb6 11. Na3 Be6 12. Qe2 O-O-O 13. h4 Rd7 14. Bf4 Re8 15. Nc4 Bxc4 16. Qxc4 c5 17. Bxg4 hxg4 18. d5 Qf5 19. e5 f6 20. O-O-O fxe5 21. Be3 e4 22. Bf4 Red8 23. Rhe1 Rxd5 24. Rxd5 Qxd5 25. Qxe4 c4 26. Qxd5 Rxd5 27. Re2 Kd7 28. Kc2 Rd3 29. h5 Rf3 30. Be5 Bxf2 31. Bxg7 Bxg3 32. h6 Bf4 33. h7 Rh3 34. h8=Q Rxh8 35. Bxh8 Bg3 36. Rg2 Be5 37. Rxg4 Bxh8 38. Rxc4 c6 39. Rh4 Be5 40. Rh7+ Kc8 41. b4 Bc7 42. a4 b6 43. c4 Kb7 44. Kd3 Kb8 45. Ke4 Bd6 46. b5 cxb5 47. axb5 Bc5 48. Kd5 Be3 49. Kc6 Bd4 50. Rd7 Bf6 51. Rf7 Bd8 52. Rf8 Kc8 53. Rg8 Kb8 54. Rxd8# 1-0


[Site "https://www.chess.com"]

[Event "Titled Tuesday Blitz November 14 Late 2023"]
[White "Sanchez Alvares, Kelvin Antonio"]
[Black "Sivanandan, Bodhana"]
[WhiteFideId "3906680"]
[BlackFideId "497592"]
[WhiteElo "2566"]
[BlackElo "2197"]
[Result "1-0"]
[Round "7"]
[TimeControl "180+1"]
[Date "2023.11.14"]
[WhiteClock "0:01:09"]
[BlackClock "0:00:12"]
[Board "85"]

1. e4 e6 2. d4 d5 3. Nc3 Bb4 4. e5 Bxc3+ 5. bxc3 Ne7 6. Qg4 Ng6 7. h4 h5 8. Qg3 c5 9. Bd3 Ne7 10. Qxg7 Rg8 11. Qf6 Nd7 12. Qf3 Qa5 13. Bd2 c4 14. Be2 b6 15. Nh3 Nf5 16. Nf4 Qa3 17. Nxh5 Qb2 18. Rc1 Qxa2 19. g4 Ne7 20. Nf6+ Nxf6 21. exf6 Nc6 22. h5 Bd7 23. g5 O-O-O 24. g6 fxg6 25. f7 Rgf8 26. hxg6 e5 27. g7 exd4 28. gxf8=Q Rxf8 29. Bh6 Qa3 30. O-O Ne5 31. Qxd5 Rxf7 32. Qxe5 Re7 33. Qh5 Qxc3 34. Bf3 Be8 35. Qd5 Rc7 36. Bg4+ Kb8 37. Bf4 Qb4 38. Qd8+ Kb7 39. Qxc7+ Ka6 40. Qc8+ Kb5 41. Qxe8+ Ka5 42. Ra1+ Qa4 43. Qxa4# 1-0


[Site "https://www.chess.com"]

[Event "Titled Tuesday Blitz November 14 Late 2023"]
[White "Akhayan, Ruben"]
[Black "Karamsetty, Jeevan"]
[WhiteFideId "204439"]
[BlackFideId "2025337"]
[WhiteElo "2426"]
[BlackElo "2537"]
[Result "0-1"]
[Round "7"]
[TimeControl "180+1"]
[Date "2023.11.14"]
[WhiteClock "0:00:15"]
[BlackClock "0:00:56"]
[Board "86"]

1. e4 d6 2. d4 Nf6 3. Nc3 e5 4. Nf3 Nbd7 5. g4 g6 6. h3 Bg7 7. Be3 O-O 8. Qd2 exd4 9. Nxd4 Re8 10. Bg2 Nc5 11. f3 c6 12. O-O-O d5 13. exd5 Nxd5 14. Nxd5 Qxd5 15. Kb1 Na4 16. f4 Qd8 17. Qb4 Rxe3 18. Qxa4 Qe8 19. Nb3 a5 20. Qc4 Be6 21. Qc5 Bxb3 22. axb3 a4 23. bxa4 Rxa4 24. Rd8 Qxd8 25. Qxe3 Qa8 26. Kc1 Ra1+ 27. Kd2 Bxb2 28. Rxa1 Qxa1 29. Qe8+ Kg7 30. f5 Qc1+ 31. Kd3 Qd1+ 32. Kc4 Qxc2+ 0-1


[Site "https://www.chess.com"]

[Event "Titled Tuesday Blitz November 14 Late 2023"]
[White "Qiao, Cindy"]
[Black "topce"]
[WhiteFideId "2620243"]
[WhiteElo "2402"]
[BlackElo "2512"]
[Result "1-0"]
[Round "7"]
[TimeControl "180+1"]
[Date "2023.11.14"]
[WhiteClock "0:01:19"]
[BlackClock "0:00:31"]
[Board "87"]

1. d4 Nf6 2. Bf4 d5 3. e3 Bf5 4. Nf3 e6 5. Nbd2 c6 6. Ne5 Nbd7 7. Be2 Nxe5 8. Bxe5 Bd6 9. Bxd6 Qxd6 10. c3 O-O 11. g4 Be4 12. f3 Bg6 13. h4 Qg3+ 14. Kf1 h5 15. g5 Nd7 16. Qe1 Qxe1+ 17. Rxe1 f6 18. Kg2 e5 19. e4 Rae8 20. Bd3 exd4 21. cxd4 Nc5 22. dxc5 dxe4 23. Bxe4 f5 24. Bd3 Rd8 25. Bc4+ Kh7 26. Nb3 f4 27. Re7 b5 28. cxb6 axb6 29. Rhe1 b5 30. Bf1 Ra8 31. a3 b4 32. axb4 Ra2 33. R1e2 Rb8 34. Nd4 Rxb4 35. Ne6 Rbxb2 36. Rxg7+ Kh8 37. Rxb2 Rxb2+ 38. Kg1 Bf5 39. Re7 Rb1 40. Nc5 Bh3 41. Kf2 Rxf1+ 42. Ke2 Rc1 43. Ne4 Bf1+ 44. Kd2 Ra1 45. Nf6 Ra2+ 46. Kc3 Ra3+ 47. Kb2 Bd3 48. Kxa3 c5 49. Kb3 c4+ 50. Kc3 Bf5 51. g6 Bxg6 52. Kxc4 Bf7+ 53. Kd4 Kg7 54. Ne4 Kg6 55. Ke5 Ba2 56. Kxf4 Bb1 57. Re6+ Kg7 58. Kg5 Ba2 59. Re7+ Kf8 60. Ra7 Bd5 61. Kxh5 Ke8 62. Kg6 Kd8 63. h5 Kc8 64. h6 Kb8 65. Re7 Bxe4+ 66. fxe4 Kc8 67. h7 1-0


[Site "https://www.chess.com"]

[Event "Titled Tuesday Blitz November 14 Late 2023"]
[White "Marchesich, Giovanni"]
[Black "Przybylski, Wojciech"]
[WhiteFideId "2824790"]
[BlackFideId "1117599"]
[WhiteElo "2403"]
[BlackElo "2501"]
[Result "0-1"]
[Round "7"]
[TimeControl "180+1"]
[Date "2023.11.14"]
[WhiteClock "0:00:03"]
[BlackClock "0:00:08"]
[Board "88"]

1. e4 e5 2. Nf3 Nf6 3. Nc3 Bb4 4. Nxe5 O-O 5. Nd3 Bxc3 6. dxc3 Nxe4 7. Be2 d5 8. O-O c6 9. Be3 Re8 10. Re1 Bf5 11. Bf1 Nd7 12. f3 Nd6 13. Qd2 Nc4 14. Qc1 Nxe3 15. Rxe3 Qb6 16. Kf2 Re7 17. Qd2 Rae8 18. Re1 h6 19. a4 a5 20. b4 Bg6 21. bxa5 Qa7 22. Nf4 Nf6 23. Nxg6 fxg6 24. Qd4 c5 25. Qd3 Rxe3 26. Rxe3 Rxe3 27. Qxe3 Qxa5 28. Bb5 Kh7 29. Qe5 Qb6 30. Ke2 Qd8 31. Kd3 b6 32. g4 g5 33. Kd2 Kh8 34. h3 Ng8 35. Qe6 Ne7 36. Bd3 Qc7 37. Kc1 Qf4+ 38. Kb2 Qf6 39. Qe2 Kg8 40. Qe3 Kf7 41. Bb5 Qd6 42. Qd3 Ng8 43. c4 d4 44. c3 Nf6 45. cxd4 cxd4 46. Qc2 Qe5 47. Qd3 Qc5 48. Kb3 Ke6 49. Qd2 Kd6 50. Qe2 Ng8 51. Qd3 Ne7 52. Qe4 Qe5 53. Qd3 Qe1 54. Kc2 Qa1 55. Kd2 Qb2+ 56. Ke1 Qc1+ 57. Kf2 Qh1 58. Kg3 Qg1# 0-1


[Site "https://www.chess.com"]

[Event "Titled Tuesday Blitz November 14 Late 2023"]
[White "Osmak, Yuliia"]
[Black "hristos03"]
[WhiteFideId "14101602"]
[WhiteElo "2495"]
[BlackElo "2380"]
[Result "0-1"]
[Round "7"]
[TimeControl "180+1"]
[Date "2023.11.14"]
[WhiteClock "0:00:00"]
[BlackClock "0:00:02"]
[Board "89"]

1. c4 e5 2. Nc3 Nc6 3. Nf3 Nf6 4. g3 Bb4 5. Nd5 Ba5 6. Bg2 d6 7. O-O O-O 8. Qa4 Bb6 9. Nxb6 cxb6 10. d3 h6 11. Rd1 Bd7 12. Qa3 Qc7 13. Nd2 Nd4 14. e3 Nc2 15. Qc3 Nxa1 16. b4 Ba4 17. Rf1 Nc2 18. Nb3 Nxb4 19. Qxb4 Bc6 20. e4 a6 21. f4 b5 22. c5 dxc5 23. Qxc5 Nd7 24. Qf2 a5 25. Be3 b6 26. d4 a4 27. Nd2 exd4 28. Bxd4 Rad8 29. h4 Nc5 30. Be5 Qb7 31. Qe2 Rfe8 32. Rf2 f6 33. Ba1 Nxe4 34. Nxe4 Bxe4 35. Bh3 Bd3 36. Qd2 Bc4 37. Qc1 Qf7 38. Kh2 Qe7 39. Qd1 Qe3 40. Qc2 Kh8 41. Bg2 Re7 42. Bb2 Qc5 43. Bc3 Qd6 44. Qg6 Qe6 45. Bb2 Kg8 0-1


[Site "https://www.chess.com"]

[Event "Titled Tuesday Blitz November 14 Late 2023"]
[White "Fernandez Bustamante, Leancy B."]
[Black "Ventura Bolet, Maxim"]
[WhiteFideId "3523870"]
[BlackFideId "22238824"]
[WhiteElo "2375"]
[BlackElo "2488"]
[Result "0-1"]
[Round "7"]
[TimeControl "180+1"]
[Date "2023.11.14"]
[WhiteClock "0:00:02"]
[BlackClock "0:00:07"]
[Board "90"]

1. e4 Nf6 2. e5 Nd5 3. Nc3 e6 4. d4 d6 5. Nxd5 exd5 6. Nf3 c5 7. dxc5 dxc5 8. Bb5+ Nc6 9. O-O Be7 10. Bf4 O-O 11. c3 Be6 12. Qd2 Qb6 13. Ba4 Na5 14. Bg5 Nc4 15. Qf4 Bxg5 16. Nxg5 Qxb2 17. Rab1 Qxc3 18. Qh4 h6 19. Nxe6 fxe6 20. Qg4 Qxe5 21. Bd7 Rf6 22. Rbe1 Qg5 23. Bxe6+ Kh8 24. Qxg5 hxg5 25. Bxd5 Nd2 26. Re7 Nxf1 27. Kxf1 Rd8 28. Bxb7 Rd2 29. f3 Rxa2 30. Be4 Rf8 31. Rc7 Rd8 32. Ke1 Rxg2 33. Rxc5 Rxh2 34. Rxg5 Rd6 35. Rb5 g6 36. Rb8+ Kg7 37. Rb7+ Kf6 38. Rxa7 Ke5 39. Rg7 Kf4 40. Rxg6 Ke3 41. Rg1 Re2+ 42. Kf1 Rd1# 0-1


[Site "https://www.chess.com"]

[Event "Titled Tuesday Blitz November 14 Late 2023"]
[White "Van Osch, Mees"]
[Black "Urbina Perez, Juan Antonio"]
[WhiteFideId "1035967"]
[BlackFideId "2217368"]
[WhiteElo "2370"]
[BlackElo "2487"]
[Result "1/2-1/2"]
[Round "7"]
[TimeControl "180+1"]
[Date "2023.11.14"]
[WhiteClock "0:00:29"]
[BlackClock "0:00:39"]
[Board "91"]

1. e4 c6 2. Nc3 d5 3. d4 dxe4 4. Nxe4 Nf6 5. Nxf6+ exf6 6. c3 Bd6 7. Bd3 O-O 8. Qc2 Re8+ 9. Ne2 h6 10. O-O Nd7 11. c4 c5 12. Be3 cxd4 13. Nxd4 Ne5 14. Rad1 Nxd3 15. Qxd3 Qe7 16. Rfe1 Bg4 17. Nf5 Bxf5 18. Qxd6 Qxd6 19. Rxd6 a6 20. f3 Rad8 21. c5 Rxd6 22. cxd6 Re6 23. d7 Rd6 24. Bxh6 Rxd7 25. Re8+ Kh7 26. Be3 Be6 27. a3 Rd3 28. Kf2 Rb3 29. Bd4 Rd3 30. Bc3 Rd6 31. Re7 b5 32. Ra7 Rc6 33. Ke3 Bc4 34. h4 Re6+ 35. Kf4 Kh6 36. g4 g5+ 37. Kg3 gxh4+ 38. Kxh4 Kg6 39. Ra8 Kh7 40. Kg3 Bd3 41. Ra7 Kg6 42. f4 f5 43. g5 Re3+ 44. Kf2 Re2+ 45. Kf3 Re6 46. Be5 Be4+ 47. Ke3 Rc6 48. b3 Bd5 49. b4 Kh5 50. Rd7 Be6 51. Rd6 Rxd6 52. Bxd6 Kg4 53. Kd4 Bb3 54. Kc5 Kf3 55. Kb6 Ke4 56. Kxa6 Ba4 57. Kb6 Kd5 58. Bb8 Ke6 59. Kc5 f6 60. g6 Ke7 61. Bc7 Kf8 62. Kd6 Kg7 63. Ke7 Kxg6 64. Bb6 Bb3 65. Bd4 Ba4 66. Bxf6 Kh5 67. Be5 Kg4 68. Kd6 Kf3 69. Kc5 Ke4 70. Kd6 Kd3 71. Ke7 Ke3 72. Kf6 Ke4 73. Ke6 Bb3+ 74. Kd6 Ba4 75. Kc6 Kd3 76. Kc5 Ke4 77. Kd6 Ke3 78. Ke6 Bc2 79. Kf7 Kd3 80. Ke7 Kc4 81. Ke6 Kb3 82. Bd6 Kxa3 83. Bc5 Kb3 84. Ke5 Kc4 85. Bf8 Be4 86. Bc5 Kd3 87. Bf8 Ke3 88. Kd6 Kd3 89. Kc5 Ke3 90. Bd6 Bd3 91. Be5 Ke4 92. Bb8 Bc4 93. Be5 Kf3 94. Kd6 Kg4 95. Ke7 Kh5 96. Kf6 Kg4 97. Bd6 Bd3 98. Be5 Kf3 99. Ke7 Ke4 100. Kd6 Bc4 101. Kc5 Kd3 102. Kd6 Ke4 103. Kc5 1/2-1/2


[Site "https://www.chess.com"]

[Event "Titled Tuesday Blitz November 14 Late 2023"]
[White "ExchangeAB"]
[Black "chessjazda"]
[WhiteElo "2447"]
[BlackElo "2343"]
[Result "1/2-1/2"]
[Round "7"]
[TimeControl "180+1"]
[Date "2023.11.14"]
[WhiteClock "0:00:05"]
[BlackClock "0:00:33"]
[Board "92"]

1. Nf3 c6 2. b3 Nf6 3. Bb2 d5 4. e3 Bf5 5. d3 e6 6. Be2 Be7 7. Nh4 Bg6 8. O-O Nbd7 9. Nd2 O-O 10. Nxg6 hxg6 11. Nf3 Bd6 12. d4 Qe7 13. h3 e5 14. c4 e4 15. Nd2 Nh7 16. Qe1 Rae8 17. cxd5 cxd5 18. f4 exf3 19. Bxf3 Ndf6 20. Qf2 Qxe3 21. Rfe1 Qf4 22. Nf1 Rxe1 23. Rxe1 Rc8 24. Bd1 Qxf2+ 25. Kxf2 Ne4+ 26. Ke2 Nhf6 27. Kd3 Bb4 28. Re2 a6 29. a3 Bd6 30. Ne3 Ng3 31. Rc2 Rxc2 32. Bxc2 Kf8 33. b4 Ke7 34. Bb3 Ke6 35. Bc3 Nf5 36. Bd2 Nxe3 37. Bxe3 Ne4 38. Bd1 f5 39. Bf3 b5 40. Bd2 Kf6 41. Be1 g5 42. g4 Bf4 43. gxf5 Kxf5 44. Bg4+ Kf6 45. Bf3 Bc1 46. Bxe4 dxe4+ 47. Kxe4 Bxa3 48. Kd5 Bb2 49. Kc5 Ke6 50. d5+ Kd7 51. Bg3 Bc3 52. Bh2 a5 53. bxa5 Bxa5 54. Kxb5 Bd2 55. Kc4 Bf4 56. Bg1 Kd6 57. Bc5+ Kd7 58. Kd4 g6 59. Ke4 Bd6 60. Bxd6 Kxd6 61. Kd4 Kd7 62. Ke5 Ke7 63. d6+ Kd7 64. Kd5 Kd8 65. Ke6 Ke8 66. Ke5 Kd7 67. Kd5 Kd8 68. Kc6 Kc8 69. Kc5 Kd7 70. Kd5 1/2-1/2


[Site "https://www.chess.com"]